 Dungeon Crawl Stone Soup version 0.30-a0-711-gf4ac18a38d (webtiles) character file.

Game seed: 10894010777393176057

2158 bjtr the Fighter (level 9, 0/95 (98) HPs)
             Began as an Ogre Earth Elementalist on Jan 22, 2023.
             Was an Initiate of Vehumet.
             Slain by a tengu warrior
             ... wielding a +0 great mace
              (1 damage)
             ... on level 7 of the Dungeon.
             The game lasted 00:30:26 (6847 turns).

bjtr the Fighter (Ogre Earth Elementalist)          Turns: 6847, Time: 00:30:26

HP:   0/95 (98)     AC:  8    Str: 14    XL:     9   Next: 31%
MP:   3/20          EV:  9    Int: 20    God:    Vehumet [......]
Gold: 327           SH:  0    Dex:  9    Spells: 13/23 levels left

rFire   . . .      SeeInvis .    a - staff of earth
rCold   . . .      Faith    .    (no shield)
rNeg    . . .      Spirit   .    M - +1 robe {Will+}
rPois   .          Reflect  .    (helmet restricted)
rElec   .          Harm     .    (no cloak)
rCorr   .          Rampage  .    (gloves unavailable)
Will    ++...                    (boots unavailable)
Stlth   +                        (no amulet)
HPRegen 0.35/turn                k - +4 ring of protection
MPRegen 0.17/turn                z - ring of willpower

@: mighty, on berserk cooldown, very slightly contaminated, slowed, lightly
drained, very slow
A: large, unfitting armour, tough skin 1
a: Renounce Religion


You were on level 7 of the Dungeon.
You worshipped Vehumet.
Vehumet was noncommittal.
You visited 2 branches of the dungeon, and saw 9 of its levels.

You collected 327 gold pieces.

Inventory:

Hand Weapons
 b - a +0 sling
 s - a +0 spear
 v - a +0 dagger of flaming
 y - a +0 glaive
 B - a +0 vampiric hand axe
 E - a +0 war axe
 H - a +1 flail
 I - a +0 arbalest
 J - a +0 rapier
 L - a +4 mace
Missiles
 f - 4 silver javelins
 j - 5 boomerangs
 q - 6 javelins
 K - 3 throwing nets
Armour
 M - a +1 robe of willpower (worn)
Magical Staves
 a - a staff of earth (weapon)
Jewellery
 k - a +4 ring of protection (left hand)
 m - a ring of see invisible
 z - a ring of willpower (right hand)
Wands
 c - a wand of flame (12)
Scrolls
 d - a scroll of amnesia
 e - 2 scrolls of fear
 p - 4 scrolls of teleportation
 r - a scroll of summoning
Potions
 g - 2 potions of magic
 i - a potion of might
 l - a potion of berserk rage
 n - a potion of cancellation
 o - a potion of haste
 t - a potion of curing
 u - 2 potions of ambrosia
 w - a potion of brilliance
 x - 4 potions of heal wounds
 A - a potion of mutation {unknown}
 G - 2 potions of attraction {unknown}
 N - a potion of lignification {unknown}


   Skills:
 + Level 9.0 Fighting
 + Level 1.3 Staves
 - Level 3.0 Armour
 - Level 1.7 Dodging
 - Level 1.4 Stealth
 + Level 6.0 Shields
 + Level 7.6 Spellcasting
 + Level 3.3 Conjurations
 - Level 0.8 Transmutations
 + Level 7.2 Earth Magic
 * Level 1.8 Evocations


You had 13 spell levels left.
You knew the following spells:

 Your Spells              Type           Power      Damage    Failure   Level
a - Sandblast             Erth           100%       2d20      1%          1
b - Passwall              Tmut/Erth      29%        N/A       2%          2
c - Stone Arrow           Conj/Erth      86%        3d12      3%          3
d - Petrify               Tmut/Erth      35%        N/A       17%         4

Your spell library contained the following spells:

 Spells                   Type           Power      Damage    Failure   Level
 Ignite Poison            Fire/Tmut/Pois 8%         N/A       24%         3
 Frozen Ramparts          Ice            14%        1d3       26%         3
 Gell's Gravitas          Tloc           7%         N/A       26%         3
 Kindle Blastsparks       Fire/Tloc/Air  14%        2d11      26%         3
 Teleport Other           Tloc           7%         N/A       26%         3
 Ice Form                 Ice/Tmut       9%         N/A       58%         4
 Summon Ice Beast         Ice/Summ       7%         N/A       65%         4
 Freezing Cloud           Conj/Ice/Air   6%         6-21      83%         5
 Dispersal                Tloc           3%         N/A       100%        6
 Borgnjor's Revivificati  Necr           3%         N/A       100%        8
 Necromutation            Tmut/Necr      4%         N/A       100%        8
 Death's Door             Necr           3%         N/A       100%        9


Dungeon Overview and Level Annotations

Branches:
Dungeon (8/15)             Temple (1/1) D:7
   Lair: D:8-11

Altars:
Ashenzari
Cheibriados
Dithmenos
Fedhas
Gozag
Hepliaklqana
Kikubaaqudgha
Makhleb
Okawaru
Qazlal
Ru
Sif Muna
Trog
Uskayaw
Vehumet
Wu Jian
Xom
Yredelemnul
Zin


Innate Abilities, Weirdness & Mutations

You are too large for most types of armour.
You have tough skin. (AC +1)


Message History

Casting: Stone Arrow (mildly dangerous; 3% risk of failure)
Confirm with . or Enter, or press ? or * to list all spells.
Okay, then.
Okay, then.
The tengu warrior attacks as you move away!
The tengu warrior hits you with a +0 great mace!
The tengu warrior pecks you. The tengu warrior claws you.
Casting: Stone Arrow (mildly dangerous; 3% risk of failure)
Confirm with . or Enter, or press ? or * to list all spells.
You don't have enough magic to cast this spell.
Unknown command.
You feel very mighty all of a sudden.
The tengu warrior hits you with a +0 great mace!
The tengu warrior pecks you.
The tengu warrior claws you but does no damage.
A red film seems to cover your vision as you go berserk!
You feel yourself moving faster!
You feel mighty!
The tengu warrior hits you but does no damage.
The tengu warrior pecks you but does no damage.
The tengu warrior claws you.
* * * LOW HITPOINT WARNING * * *
Unknown command.
You miss the tengu warrior.
The tengu warrior is lightly wounded.
The tengu warrior hits you with a +0 great mace!!
* * * LOW HITPOINT WARNING * * *
The tengu warrior pecks you.
* * * LOW HITPOINT WARNING * * *
The tengu warrior claws you but does no damage.
You feel a strong urge to attack something.
You feel your anger nearly subside.
You are no longer berserk.
You are exhausted.
You feel yourself slow down.
As you read the scroll of summoning, it crumbles to dust.
Wisps of shadow whirl around you...
The tengu warrior hits you with a +0 great mace!
* * * LOW HITPOINT WARNING * * *
The tengu warrior pecks you but does no damage.
The tengu warrior claws you.
You die...

##...##..#.......#..#.........#..
##..............##.##........###.
#.....................#####......
###...##............###.##......>
#......#.............#.....#.....
#....#..............##..#..##....
#....#......#.#.h....#..##......#
##..........###c.Q#..............
.#..#........#..@##.##.#...####..
.#..#.#......[...########...# ##.
.#<.###........O..#### ###.# #.
....###...........##.#####..## #.
#....#.#.....[[..............####
..............<.)......#.#.....##
.#....................#####......
.#.#..................########.#.
...#)........###.......##.#......


You could see a tengu warrior (ally target), a friendly ogre (summoned), a
friendly centaur (summoned) and a friendly hound (summoned).

Vanquished Creatures
  A water moccasin (D:7)
  An ice beast (D:6)
  2 black bears (D:6)
  An ogre (D:4)
  2 centaurs
  A phantom (D:6)
  3 scorpions
  A necrophage (D:5)
  3 wights (D:6)
  3 orc priests
  4 jellies
  2 gnoll boudas (D:6)
  6 hounds
  An iguana (D:7)
  Natasha (thrice) (D:2)
  4 orc wizards
  Terence (D:2)
  6 adders
  8 gnolls (D:6)
  A white imp (D:7)
  A worm (D:3)
  4 dart slugs
  18 orcs
  7 endoplasms
  4 giant cockroaches
  10 goblins
  7 hobgoblins
  6 kobolds
  4 quokkas
  3 ball pythons
  4 bats
  2 frilled lizards (D:2)
  3 rats
127 creatures vanquished.

Vanquished Creatures (collateral kills)
  A giant cockroach (D:3)
1 creature vanquished.

Vanquished Creatures (others)
  13 fungi (D:8)
  21 plants
34 creatures vanquished.

Grand Total: 162 creatures vanquished

Notes
Turn   | Place    | Note
-------+----------+-------------------------------------------
     0 | D:1      | bjtr the Ogre Earth Elementalist began the quest for the
                  | Orb.
     0 | D:1      | Reached XP level 1. HP: 16/16 MP: 3/3
   225 | D:1      | Reached XP level 2. HP: 26/26 MP: 5/5
   234 | D:1      | Learned a level 2 spell: Passwall
   287 | D:1      | Reached skill level 1 in Fighting
   481 | D:1      | Reached XP level 3. HP: 33/33 MP: 7/7
  1004 | D:2      | Noticed Natasha
  1013 | D:2      | Reached skill level 2 in Fighting
  1060 | D:2      | Killed Natasha
  1061 | D:2      | Reached skill level 1 in Shields
  1061 | D:2      | Reached XP level 4. HP: 43/44 MP: 3/8
  1202 | D:2      | Noticed Terence
  1226 | D:2      | Killed Terence
  1324 | D:2      | Noticed Natasha
  1331 | D:2      | Killed Natasha
  1332 | D:2      | Reached skill level 3 in Fighting
  1391 | D:2      | Reached XP level 5. HP: 53/53 MP: 5/9
  1645 | D:2      | Noticed Natasha
  1651 | D:2      | Killed Natasha
  1998 | D:3      | Learned a level 3 spell: Stone Arrow
  2003 | D:3      | Learned a level 4 spell: Petrify
  2090 | D:3      | Reached skill level 8 in Fighting
  2090 | D:3      | Reached skill level 5 in Shields
  2090 | D:3      | Reached skill level 5 in Spellcasting
  2090 | D:3      | Reached XP level 6. HP: 72/72 MP: 10/14
  2245 | D:3      | Found an ancient bone altar of Kikubaaqudgha.
  2780 | D:4      | Reached XP level 7. HP: 81/81 MP: 12/15
  3229 | D:5      | Entered Level 5 of the Dungeon
  3680 | D:5      | Reached XP level 8. HP: 89/89 MP: 14/17
  4188 | D:6      | Reached skill level 1 in Evocations
  4898 | D:6      | Reached skill level 1 in Staves
  4960 | D:6      | Reached skill level 9 in Fighting
  5043 | D:7      | Reached XP level 9. HP: 74/98 MP: 14/19
  5549 | D:7      | Found a staircase to the Ecumenical Temple.
  5558 | Temple   | Entered the Ecumenical Temple
  5674 | Temple   | Became a worshipper of Vehumet
  6729 | D:8      | Noticed a komodo dragon
  6812 | D:8      | Noticed a tengu warrior
  6812 | D:8      | Noticed a tengu warrior
  6847 | D:7      | HP: 1/95 [tengu warrior/+0 great mace (12)]
  6847 | D:7      | Slain by a tengu warrior

Illustrated notes

Levels and vault maps discovered:
D:1:      kennysheep_arrival_seaside, layout_rooms
D:2:      layout_loops_cross, serial_bayou_pond_e, uniq_natasha, uniq_terence
D:3:      layout_basic, kiku_gazebo_pond_becter
D:4:      layout_basic
D:5:      layout_loops_ring
D:6:      layout_loops_ring, sigmund_army
D:7:      layout_cave_pools, minmay_temple_entry_grid
D:8:      layout_loops_ring, due_lair_maze_entry_diamond, uniq_erica
Temple:   mainiacjoe_temple_coin_purse

Skill      XL: |  1  2  3  4  5  6  7  8 |
---------------+-------------------------+-----
Earth Magic    | 3 6 7 |  7.2
Fighting       | 1 2 3 8 9 |  9.0
Shields        | 1 5 6 |  6.0
Spellcasting   | 3 5 6 7 |  7.6
Armour         | 3 |  3.0
Conjurations   | 3 |  3.3
Evocations     | 1 |  1.8
Staves         | 1 |  1.3
Dodging        | |  1.7
Stealth        | |  1.4
Transmutations | |  0.8

Action                     |  1- 3 |  4- 6 |  7- 9 || total
---------------------------+-------+-------+-------++-------
  Melee: Dagger            |    14 |       |       ||    14
         Staff             |       |       |   113 ||   113
         Punch             |       |       |     2 ||     2
   Fire: Sling             |    95 |    96 |    20 ||   211
   Cast: Sandblast         |    22 |    33 |    82 ||   137
         Passwall          |       |     1 |       ||     1
         Petrify           |       |       |    10 ||    10
         Stone Arrow       |       |       |     9 ||     9
    Use: Scroll            |       |     9 |    12 ||    21
         Potion            |       |     1 |     2 ||     3
   Stab: Sleeping          |       |       |     1 ||     1
         Petrified         |       |       |    11 ||    11
 Armour: Robe              |    30 |    42 |    69 ||   141
  Dodge: Dodged            |    58 |    29 |    95 ||   182

Table legend: (Time is in decaauts)
 A = Elapsed time spent in this place.
 B = Non-inter-level travel time spent in this place.
 C = Inter-level travel time spent in this place.
 D = Time resting spent in this place.
 E = Time spent auto-exploring this place.
 F = Levels seen in this place.
 G = Mean time per level.
                   A        B        C        D        E       F      G
               +--------+--------+--------+--------+--------+-----+--------+
         Total |   7026 |   6683 |    343 |   1223 |   3994 |   9 |  780.7 |
       Dungeon |   6896 |   6585 |    311 |   1223 |   3914 |   8 |  862.0 |
        Temple |    129 |     97 |     32 |      0 |     80 |   1 |  129.0 |
               +--------+--------+--------+--------+--------+-----+--------+

Top non-repeatable levels by time:
     D:6: 1412 daAuts
     D:7: 1167 daAuts
     D:2: 1070 daAuts
     D:5: 947 daAuts
     D:3: 846 daAuts
     D:1: 791 daAuts
     D:4: 641 daAuts
  Temple: 129 daAuts
     D:8: 20 daAuts
